 Dungeon Crawl Stone Soup version 0.31-a0-1424-g2add1c7226 (webtiles) character file.

Game seed: 7447305369143693494

1232 browni3141 the Changeling (level 8, 0/61 HPs)
             Began as a Formicid Shapeshifter on Dec 27, 2023.
             Slain by a black bear (11 damage)
             ... on level 5 of the Dungeon.
             The game lasted 00:05:55 (4074 turns).

browni3141 the Changeling (Formicid Shapeshifter)   Turns: 4074, Time: 00:05:55

Health: 0/61       AC:  5    Str: 21    XL:     8   Next: 77%
Magic:  8/8        EV: 11    Int: 10    God:
Gold:   214        SH:  5    Dex: 13    Spells: 7/7 levels left

rFire   . .          .
                       - Unarmed
rCold   + + .        (no shield)
rNeg    . . .        t - +0 ring mail
rPois   .            (helmet unavailable)
rElec   .            (cloak currently unavailable)
rCorr   .            (gloves currently unavailable)
SInv    +            (boots currently unavailable)
Will    .....        m - amulet of reflection
Stlth   +            l - ring of protection from cold
HPRegen 0.30/turn    A - ring of protection from cold
MPRegen 0.11/turn

%: reflection
@: beast-form
A: beast (slay +4), permanent stasis, dig shafts and tunnels, antennae 3, four
strong arms
a: Dig, Shaft Self, Begin Untransformation


You were on level 5 of the Dungeon.
You were a hulking beast.
You visited 2 branches of the dungeon, and saw 6 of its levels.
You also visited: Ossuary.

You collected 214 gold pieces.

Inventory:

Hand Weapons
 a - a +0 sling
Armour
 f - a +0 pair of boots
 j - a +0 animal skin
 s - a +0 plate armour
 t - a +0 ring mail (worn)
Jewellery
 k - a ring of ice
 l - a ring of protection from cold (left hand)
 m - an amulet of reflection (around neck)
 r - a ring of flight
 A - a ring of protection from cold (right hand)
 B - a ring of fire
Talismans
 c - a beast talisman
 d - a flux talisman
Wands
 w - a wand of iceblast (5)
Scrolls
 e - a scroll of blinking {unknown}
 o - 3 scrolls of torment {unknown}
 p - 2 scrolls of fog {unknown}
 q - 2 scrolls of revelation {unknown}
 v - a scroll of immolation {unknown}
 y - 2 scrolls of enchant weapon {unknown}
 z - 2 scrolls of teleportation {unknown}
 C - a scroll of poison {unknown}
 D - a scroll of noise {unknown}
Potions
 b - 3 potions of lignification
 g - 3 potions of curing
 h - 2 potions of heal wounds
 i - 3 potions of enlightenment
 n - 3 potions of invisibility
 u - a potion of degeneration
 x - 2 potions of might {unknown}


   Skills:
 + Level 4.7 Fighting
 - Level 1.7 Dodging
 - Level 2.0 Stealth
 * Level 6.8 Unarmed Combat
 * Level 7.0 Shapeshifting


You had 7 spell levels left.
You didn't know any spells.
Your spell library contained the following spells:

 Spells                   Type           Power      Damage    Failure   Level
 Tukima's Dance           Hex            0%         N/A       88%         3
 Passage of Golubria      Tloc           0%         N/A       99%         4
 Yara's Violent Unravell  Hex/Alch       0%         3d3       100%        5


Dungeon Overview and Level Annotations

Branches:
Dungeon (5/15)             Temple (1/1) D:5         Ossuary (visited)

Altars:
Cheibriados
Elyvilon
Fedhas
Nemelex Xobeh
Qazlal
Sif Muna
Vehumet
Wu Jian
Xom
The Shining One


Innate Abilities, Weirdness & Mutations

You are a hulking beast.
Your limbs bulge with bestial killing power. (Slay +4)
You cannot be hasted, slowed, berserked, paralysed or teleported.
You can dig through walls and to a lower floor.
You have a pair of large antennae on your head. (SInv)
Your four strong arms can wield two-handed weapons with a shield.


Message History

The orc wizard misses you. The orc priest barely misses you.
You block the black bear's attack. The black bear claws you. x2
You closely miss the orc priest. You punch the orc priest.
You kill the orc priest!
The orc wizard closely misses you. The black bear bites you.
The black bear claws you. x2
Your Shapeshifting skill increases to level 7!
You punch the orc wizard!
The orc wizard is severely wounded.
The orc wizard hits you but does no damage.
The black bear bites you. The black bear completely misses you.
You block the black bear's attack.
You closely miss the orc wizard.
The orc wizard is severely wounded.
The orc wizard points at you and mumbles some strange words.
The magic dart hits you. The black bear closely misses you.
The black bear completely misses you. You block the black bear's attack.
You punch the orc wizard!
You kill the orc wizard!
You punch the black bear!
The black bear is heavily wounded.
The black bear bites you. The black bear claws you.
The black bear claws you but does no damage.
You punch the black bear!
The black bear is almost dead.
The black bear goes berserk!
You hit the black bear.
The black bear is almost dead.
The black bear bites you but does no damage.
The black bear claws you. x2
* * * LOW HITPOINT WARNING * * *
The black bear barely misses you. The black bear claws you.
* * * LOW HITPOINT WARNING * * *
The black bear claws you.
* * * LOW HITPOINT WARNING * * *
You hit the black bear but do no damage.
You punch the black bear.
The black bear is almost dead.
The black bear bites you!
You die...

#...###.......###..#.#
# #... ##.#.#..# #.#.#
#... #......####.#.#
#... ##.#...#.......
#.# #............ #.
##....#...# ##...$...#
#......h####.#
#.....h)......
#....##).....# #....#
......# #....# ......#
...#### .(...$# ..##
......# ## ...)..#
#######


You could see a black bear (berserk).

Vanquished Creatures
  Eustachio (D:5)
  2 ice beasts (D:5)
  An ogre (D:5)
  2 elf zombies (Ossuary)
  A centaur zombie (Ossuary)
  2 human zombies (Ossuary)
  3 orc priests
  A sleepcap (D:4)
  Jessica (D:2)
  2 iguanas
  3 orc wizards
  5 hound zombies
  4 hound skeletons (D:4)
  2 mummies (Ossuary)
  5 adders
  A white imp (D:5)
  2 adder skeletons (D:4)
  6 adder zombies
  2 worms
  2 dart slugs
  7 orcs
  7 bats
  3 endoplasms (D:3)
  A giant cockroach (D:3)
  5 gnoll zombies (Ossuary)
  10 hobgoblins
  2 quokkas
  6 ball pythons
  A frilled lizard (D:1)
  7 goblins
  2 jackal zombies (Ossuary)
  6 kobolds
  12 kobold zombies (Ossuary)
  5 orc zombies (Ossuary)
  3 rats
125 creatures vanquished.

Notes
Turn   | Place    | Note
-------+----------+-------------------------------------------
     0 | D:1      | browni3141 the Formicid Shapeshifter began the quest for
                  | the Orb.
     0 | D:1      | Reached XP level 1. HP: 15/15 MP: 1/1
   151 | D:1      | Found a faded altar of an unknown god.
   157 | D:1      | Reached XP level 2. HP: 11/21 MP: 2/2
   487 | D:1      | Reached skill level 1 in Stealth
   491 | D:1      | Reached XP level 3. HP: 26/26 MP: 3/3
   829 | D:2      | Noticed Jessica
   843 | D:2      | Killed Jessica
   844 | D:2      | Reached XP level 4. HP: 33/33 MP: 4/4
   892 | D:2      | Reached skill level 4 in Shapeshifting
  1495 | D:3      | Found a radiant altar of Vehumet.
  1765 | D:3      | Reached XP level 5. HP: 38/38 MP: 5/5
  2053 | D:4      | Found a sand-covered staircase.
  2063 | D:4      | Reached XP level 6. HP: 35/46 MP: 6/6
  2185 | Ossuary  | Entered an ossuary
  2215 | Ossuary  | Reached skill level 5 in Shapeshifting
  2345 | Ossuary  | Reached XP level 7. HP: 44/52 MP: 7/7
  2407 | Ossuary  | Reached skill level 5 in Unarmed Combat
  2994 | D:4      | Found a white marble altar of Elyvilon.
  3106 | D:4      | Reached skill level 6 in Shapeshifting
  3380 | D:5      | Entered Level 5 of the Dungeon
  3419 | D:5      | Reached XP level 8. HP: 52/60 MP: 8/8
  3716 | D:5      | Noticed Eustachio
  3875 | D:5      | Killed Eustachio
  3986 | D:5      | Found a staircase to the Ecumenical Temple.
  4045 | Temple   | Entered the Ecumenical Temple
  4068 | D:5      | Reached skill level 7 in Shapeshifting
  4074 | D:5      | Slain by a black bear

Illustrated notes

Levels and vault maps discovered:
D:1:      dpeg_arrival_long_road, layout_basic,
          shapermc_ecumenical_altar_mp_ritualfount
D:2:      layout_rooms, minmay_misc_feat_diagonals, kennysheep_generic_room_14,
          uniq_jessica
D:3:      layout_rooms, nicolae_overflow_hidden_temple
D:4:      layout_rooms, kennysheep_little_box,
          mainiacjoe_ossuary_entry_find_the_door, corner_web_ring
D:5:      kennysheep_kobold_camp, layout_basic, mainiacjoe_overflow_paths,
          minmay_temple_entry_sparse_star, minmay_misc_feat_room, uniq_eustachio
Temple:   hellmonk_temple_micro_hex

Skill      XL: |  1  2  3  4  5  6  7  8 |
---------------+-------------------------+-----
Stealth        | 1 2 |  2.0
Fighting       | 2 3 4 |  4.7
Shapeshifting  | 4 5 6 7 |  7.0
Unarmed Combat | 4 6 |  6.8
Dodging        | |  1.7

Action                     |  1- 3 |  4- 6 |  7- 9 || total
---------------------------+-------+-------+-------++-------
  Melee: Unarmed           |    30 |   186 |   199 ||   415
         Punch             |       |     6 |    11 ||    17
   Fire: Sling             |    26 |    31 |       ||    57
Ability: Dig               |       |       |     1 ||     1
    Use: Scroll            |       |       |     5 ||     5
   Stab: Sleeping          |     1 |     1 |     1 ||     3
 Armour: Animal skin       |    17 |    15 |       ||    32
         Ring mail         |       |    94 |   105 ||   199
  Dodge: Dodged            |    18 |    83 |    69 ||   170
  Block: Other             |     2 |    41 |    33 ||    76
         Reflection        |       |     2 |       ||     2

Table legend: (Time is in decaauts)
 A = Elapsed time spent in this place.
 B = Non-inter-level travel time spent in this place.
 C = Inter-level travel time spent in this place.
 D = Time resting spent in this place.
 E = Time spent auto-exploring this place.
 F = Levels seen in this place.
 G = Mean time per level.
                   A        B        C        D        E       F      G
               +--------+--------+--------+--------+--------+-----+--------+
         Total |   4051 |   3949 |    102 |    268 |   2700 |   7 |  578.7 |
       Dungeon |   3564 |   3462 |    102 |    268 |   2427 |   5 |  712.8 |
        Temple |      1 |      1 |      0 |      0 |      0 |   1 |    1.0 |
       Ossuary |    485 |    485 |      0 |      0 |    273 |   1 |  485.0 |
               +--------+--------+--------+--------+--------+-----+--------+

Top non-repeatable levels by time:
     D:4: 1099 daAuts
     D:1: 714 daAuts
     D:3: 613 daAuts
     D:5: 573 daAuts
     D:2: 564 daAuts
 Ossuary: 485 daAuts
  Temple: 1 daAuts
